 Dungeon Crawl Stone Soup version 0.21.1-1-g345015f (webtiles) character file.

58 tidbits the Charmwright (level 4, 29/38 HPs)
             Began as a Gnoll Skald on June 22, 2018.
             Quit the game on level 2 of the Dungeon.
             The game lasted 00:04:11 (493 turns).

tidbits the Charmwright (Gnoll Skald)                Turns: 493, Time: 00:04:12

Health: 29/38      AC:  3    Str: 14    XL:     4   Next: 1%
Magic:  0/11       EV: 14    Int: 16    God:
Gold:   33         SH:  0    Dex: 14    Spells: 3/13 levels left

rFire    . . .     SeeInvis .   a - +0 hand axe
rCold    . . .     Gourm    .   (no shield)
rNeg     . . .     Faith    .   b - +0 leather armour
rPois    .         Spirit   .   (no helmet)
rElec    .         Reflect  .   (no cloak)
rCorr    .         Harm     .   (no gloves)
MR       .....                  (no boots)
Stlth    +.........             n - amulet of inaccuracy (curse)
HPRegen  0.12/turn              (no ring)
MPRegen  0.12/turn              (no ring)

@: singing, very slightly contaminated
A: distributed training, fangs 1, strong nose
a: no special abilities


You were on level 2 of the Dungeon.
You were not hungry.

You visited 1 branch of the dungeon, and saw 4 of its levels.

You collected 33 gold pieces.

Inventory:

Hand Weapons
 a - a +0 hand axe (weapon)
 l - a +0 dagger
 m - a +0 quarterstaff
Missiles
 g - a stone (quivered)
 h - 41 bolts
 j - 13 arrows
Armour
 b - a +0 leather armour (worn)
 f - a +0 ring mail
Jewellery
 n - a cursed amulet of inaccuracy (around neck)
   (You found it on level 2 of the Dungeon)
Scrolls
 e - 2 scrolls of identify
 i - a scroll of enchant armour
 p - 2 scrolls of amnesia
Potions
 k - 4 potions of lignification
 o - 5 potions of curing {unknown}
Books
 c - a book of Battle

   Spells                             Type                      Level
   a - Infusion                       Charms                       1
   b - Shroud of Golubria             Charms/Translocation         2
   c - Song of Slaying                Charms                       2
   d - Spectral Weapon                Hexes/Charms                 3
   e - Regeneration                   Charms/Necromancy            3
Comestibles
 d - a ration


   Skills:
 + Level 4.6 Fighting
 + Level 1.0 Short Blades
 + Level 1.0 Long Blades
 + Level 4.6 Axes
 + Level 1.0 Maces & Flails
 + Level 1.0 Polearms
 + Level 1.0 Staves
 + Level 1.0 Slings
 + Level 1.0 Bows
 + Level 1.0 Crossbows
 + Level 1.0 Throwing
 + Level 2.6 Armour
 + Level 4.6 Dodging
 + Level 1.0 Stealth
 + Level 1.0 Shields
 + Level 1.0 Unarmed Combat
 + Level 5.0 Spellcasting
 + Level 0.7 Conjurations
 + Level 0.7 Hexes
 + Level 5.4 Charms
 + Level 0.7 Summonings
 + Level 0.7 Necromancy
 + Level 0.7 Translocations
 + Level 0.7 Transmutations
 + Level 0.7 Fire Magic
 + Level 0.7 Ice Magic
 + Level 0.7 Air Magic
 + Level 0.7 Earth Magic
 + Level 0.7 Poison Magic
 + Level 1.0 Invocations
 + Level 1.0 Evocations


You had 3 spell levels left.
You knew the following spells:

 Your Spells              Type           Power        Failure   Level  Hunger
g - Shroud of Golubria    Chrm/Tloc      ##........   8%          2    #......
r - Regeneration          Chrm/Necr      ##........   16%         3    ###....
w - Spectral Weapon       Hex/Chrm       ##......     16%         3    ###....
y - Song of Slaying       Chrm           ###.....     3%          2    #......


Dungeon Overview and Level Annotations

Branches:
Dungeon (4/15)
 Temple: D:4-7

Altars:


Innate Abilities, Weirdness & Mutations

Your experience applies equally to all skills.
You have very sharp teeth.
Your uncanny sense of smell can sniff out nearby items.


Message History

Your Polearms skill increases to level 1!
Your Staves skill increases to level 1!
Your Slings skill increases to level 1!
Your Bows skill increases to level 1!
Your Crossbows skill increases to level 1!
Your Throwing skill increases to level 1!
Your Stealth skill increases to level 1!
Your Shields skill increases to level 1!
Your Unarmed Combat skill increases to level 1!
Your Evocations skill increases to level 1!
There is an open door, spattered with blood here.
Items here: )) [ †††
Okay, then.
Your spectral weapon fades away.
There is a dry fountain here.
You open the door.
There is an open door here.
You hear the rusting of a distant drain.
Your song is almost over.
You open the door.
Found 4 gold pieces.
Found a stone staircase leading down.
There is an open door here.
You see here 4 gold pieces.
You now have 18 gold pieces (gained 4).
Your song has ended.
There is a stone staircase leading down here.
You climb downwards.
Found 15 gold pieces, 11 poisoned needles, 19 sling bullets and 21 arrows.
Found a stone staircase leading up.
There is a stone staircase leading up here.
You see here 15 gold pieces.
You now have 33 gold pieces (gained 15).
You open the door.
There is an open door here.
There is a stone staircase leading up here.
You climb upwards.
You hear the sound of rushing water.
There is an entrance to a sewer on this level.
Hurry and find it before the portal rusts away!
There is a stone staircase leading down here.
Found 10 gold pieces and a ration.
A bat comes into view.
A worm comes into view.
Casting: Spectral Weapon
Confirm with . or Enter, or press ? or * to list all spells.
You draw out your weapon's spirit!
The bat closely misses you. The bat hits you but does no damage.
The bat hits you.
Found 2 fizzy black potions.
The bat completely misses you. The bat closely misses you.
The bat hits you but does no damage.
You hit the bat but do no damage. The bat hits you but does no damage.
Your spectral weapon misses the bat.
The bat closely misses your spectral weapon.
The bat hits your spectral weapon but does no damage.
You barely miss the bat. The bat closely misses you.
Your spectral weapon hits the bat.
You kill the bat!
Casting: Spectral Weapon
Confirm with . or Enter, or press ? or * to list all spells.
You start singing a song of slaying.
You hit the worm.
The worm is lightly wounded.
Your spectral weapon hits the worm.
The worm bites you!
You slash the worm!
The worm is severely wounded.
Your spectral weapon hits the worm.
You kill the worm!
You have reached level 4!
You feel stronger.
Found a stone staircase leading up.
You see here 2 fizzy black potions.
o - 5 fizzy black potions (gained 2)
There is a stone staircase leading up here.
You climb upwards.
Your summoned ally is left behind.
Your spectral weapon fades away.
The hobgoblin shouts! x2
A worm comes into view.
Found a short sword and 21 arrows.
There is a stone staircase leading down here.
Unknown command.
Casting: Song of Slaying
Confirm with . or Enter, or press ? or * to list all spells.
You start a new song!
Casting: Song of Slaying
Confirm with . or Enter, or press ? or * to list all spells.
You miscast Spectral Weapon.
You are very lightly contaminated with residual magic.
Nothing appears to happen.
You hear a shout!
A goblin comes into view. It is wielding a club.
Your leather armour prevents you from hitting the hobgoblin.
The hobgoblin misses you.
Casting: Spectral Weapon
Confirm with . or Enter, or press ? or * to list all spells.
You draw out your weapon's spirit!
The hobgoblin barely misses you.
You barely miss the hobgoblin.
The teleport trap disappears.
Your spectral weapon disappears!
The hobgoblin hits you with a club.
You barely miss the hobgoblin. Your bite misses the hobgoblin.
The hobgoblin misses you.
Are you sure you want to abandon this character and quit the game? (Confirm with "yes".)

#).........# #
#..........###.
#.............
#...........#
#..........#
##.....g...#
#......gw#
.#####g##.#
#@...# #...###
#...# #.### #.
#( .. .. .. ..


You could see a worm, 2 hobgoblins and a goblin.

Vanquished Creatures
  An adder (D:1)
  An ooze (D:2)
  A worm (D:3)
  A dart slug (D:1)
  A leopard gecko (D:1)
  An orc (D:3)
  A ball python (D:1)
  2 giant cockroaches (D:2)
  4 goblins
  4 hobgoblins
  4 jackals (D:3)
  4 kobolds
  6 bats
  A frilled lizard (D:3)
  3 rats
35 creatures vanquished.

Vanquished Creatures (others)
  A spectral weapon (D:1)
1 creature vanquished.

Grand Total: 36 creatures vanquished

Notes
Turn   | Place    | Note
-------+----------+-------------------------------------------
     0 | D:1      | tidbits the Gnoll Skald began the quest for the Orb.
     0 | D:1      | Reached XP level 1. HP: 20/20 MP: 6/6
    61 | D:1      | Reached XP level 2. HP: 12/26 MP: 3/7
   108 | D:1      | Learned a level 2 spell: Song of Slaying
   111 | D:1      | Learned a level 2 spell: Shroud of Golubria
   125 | D:2      | Reached XP level 3. HP: 15/31 MP: 2/9
   128 | D:2      | Reached skill level 5 in Spellcasting
   138 | D:2      | Learned a level 3 spell: Regeneration
   143 | D:2      | Learned a level 3 spell: Spectral Weapon
   218 | D:1      | Reached skill level 1 in Invocations
   287 | D:2      | Noticed an ogre
   422 | D:3      | Reached skill level 1 in Short Blades
   422 | D:3      | Reached skill level 1 in Long Blades
   422 | D:3      | Reached skill level 1 in Maces & Flails
   422 | D:3      | Reached skill level 1 in Polearms
   422 | D:3      | Reached skill level 1 in Staves
   422 | D:3      | Reached skill level 1 in Slings
   422 | D:3      | Reached skill level 1 in Bows
   422 | D:3      | Reached skill level 1 in Crossbows
   422 | D:3      | Reached skill level 1 in Throwing
   422 | D:3      | Reached skill level 1 in Stealth
   422 | D:3      | Reached skill level 1 in Shields
   422 | D:3      | Reached skill level 1 in Unarmed Combat
   422 | D:3      | Reached skill level 1 in Evocations
   472 | D:3      | Reached XP level 4. HP: 29/38 MP: 6/11
   493 | D:2      | Quit the game

Skill      XL: |  1  2  3 |
---------------+----------+-----
Spellcasting   | 5 |  5.0
Invocations    | 1 |  1.0
Short Blades   | 1 |  1.0
Long Blades    | 1 |  1.0
Maces & Flails | 1 |  1.0
Polearms       | 1 |  1.0
Staves         | 1 |  1.0
Slings         | 1 |  1.0
Bows           | 1 |  1.0
Crossbows      | 1 |  1.0
Throwing       | 1 |  1.0
Stealth        | 1 |  1.0
Shields        | 1 |  1.0
Unarmed Combat | 1 |  1.0
Evocations     | 1 |  1.0
Fighting       | |  4.6
Axes           | |  4.6
Armour         | |  2.6
Dodging        | |  4.6
Conjurations   | |  0.7
Hexes          | |  0.7
Charms         | |  5.4
Summonings     | |  0.7
Necromancy     | |  0.7
Translocations | |  0.7
Transmutations | |  0.7
Fire Magic     | |  0.7
Ice Magic      | |  0.7
Air Magic      | |  0.7
Earth Magic    | |  0.7
Poison Magic   | |  0.7

Action                   |  1- 3 |  4- 6 || total
-------------------------+-------+-------++-------
Melee: Hand axe          |    64 |     3 ||    67
       Bite              |     3 |       ||     3
 Cast: Infusion          |     2 |       ||     2
       Song of Slaying   |     3 |     1 ||     4
       Shroud of Golubri |     1 |       ||     1
       Spectral Weapon   |     7 |     1 ||     8
  Use: Scroll            |     4 |       ||     4
Armor: Leather armour    |    30 |       ||    30
Dodge: Dodged            |    54 |     3 ||    57

Table legend:
 A = Turns spent in this place as a percentage of turns spent in the entire game.
 B = Non-inter-level travel turns spent in this place as a percentage of non-inter-level travel turns spent in the entire game.
 C = Inter-level travel turns spent in this place as a percentage of turns spent in this place.
 D = Turns resting spent in this place as a percentage of non-inter-level travel turns spent in this place.
 E = Turns spent auto-exploring this place as a percentage of non-inter-level travel turns spent in this place.
 F = Non-inter-level travel turns spent in this place divided by the number of levels of this place that you've seen.
                   A       B       C       D       E      F
               +-------+-------+-------+-------+-------+----------------------
         Total | 100.0 | 100.0 |   0.0 |   0.0 |   0.0 | 123.2
       Dungeon | 100.0 | 100.0 |   0.0 |   0.0 |   0.0 | 123.2
               +-------+-------+-------+-------+-------+----------------------

Table legend:
 A = Kills in this place as a percentage of kills in entire the game.
 B = Kills by you in this place as a percentage of kills by you in the entire game.
 C = Kills by friends in this place as a percentage of kills by friends in the entire game.
 D = Other kills in this place as a percentage of other kills in the entire game.
 E = Experience gained in this place as a percentage of experience gained in the entire game.
 F = Experience gained in this place divided by the number of levels of this place that you have seen.
                   A       B       C       D       E      F
               +-------+-------+-------+-------+-------+----------------------
         Total | 100.0 | 100.0 |   N/A |   N/A | 100.0 |  20.8
       Dungeon | 100.0 | 100.0 |   N/A |   N/A | 100.0 |  20.8
               +-------+-------+-------+-------+-------+----------------------

Vault maps used:
D:1:      nzn_arrival_settlement, minivault_14
D:3:      portal_sewer_entry_b, first_ration, kennysheep_another_room,
          kennysheep_okawaru_gauntlet
D:4:      lemuel_upstairs_altar, nicolae_dithmenos_through_a_glass_darkly,
          serial_shops, nicolae_shop_stone, minivault_27,
          hangedman_decor_clover_reticule, uniq_menkaure, uniq_duvessa,
          uniq_edmund
